Rafales vs Ice Dragons

Created - April 6, 2019 at 20:45

Goals
1 2 3 OT1 SO T
Rafales 1 1 3 0 1 5
Ice Dragons 1 4 0 0 2 6
Shots
1 2 3 OT1 SO T
Rafales 12 9 11 0 3 32
Ice Dragons 8 16 3 2 2 29

1st period

1. Rafales , Carl Klingberg 17 (Kevin Veilleux 19, Connor Murphy 36) at 10:11
2. Ice Dragons , Logan MacMillan 7 (Brian Boyle 25, Brandon Kozun 37) at 10:41

Penalties :
Nathan Davis (Stf) for Roughing (Minor) at 13:41

2nd period

3. Rafales , Brian Ferlin 17 (Nathan Davis 46, James Sheppard 32) at 4:08 (PP)
4. Ice Dragons , Brandon Kozun 28 (David Rundblad 35) at 7:48
5. Ice Dragons , Brandon Kozun 29 (Kevin Connauton 23, Michael Chaput 27) at 11:14
6. Ice Dragons , Brandon Kozun 30 (Brian Boyle 26, Alec Martinez 20) at 11:30
7. Ice Dragons , Brian Boyle 23 (Alec Martinez 21, Brandon Kozun 38) at 12:32

Penalties :
Justin Shugg (Kin) for Hooking (Minor) at 3:10, Milan Bartovic (Stf) for Tripping (Minor) at 19:39

3rd period

8. Rafales , James Sheppard 17 (Nathan Davis 47, Cody McLeod 74) at 1:57
9. Rafales , Cody McLeod 56 (Mike Zigomanis 69) at 10:39
10. Rafales , Brian Ferlin 18 (Nathan Davis 48, James Sheppard 33) at 14:05

Penalties :
Brian Ferlin (Stf) for Hooking (Minor) at 4:22, Matt Corrente (Kin) for Hooking (Minor) at 14:54

Overtime #1

No Goal

Penalties :
Cody McLeod (Stf) for Holding (Minor) at 1:21

Shootout

Rafales, Mike Zigomanis - Goal!
Ice Dragons, Brian Boyle - Goal!
Rafales, Cody McLeod - Stopped by Anders Nilsson
Ice Dragons, Luke Adam - Goal!
Rafales, James Sheppard - Stopped by Anders Nilsson

Penalties :
No Penalty

Goalie Stats

Leland Irving (Stf), 24 saves from 29 shots - (0.828), OTL, 38-20-4, 65:00 minutes
Anders Nilsson (Kin), 27 saves from 32 shots - (0.844), W, 17-27-1, 65:00 minutes

Players Stats for Rafales

Player Name              G  A  P  +/- PIM S  H  SB GA TA FO     MP     PP MP  PK MP  
------------------------------------------------------------------------------------
Akim Aliu                0  0  0   0  0   0  2  0  0  0  0/0     7:48   0:00   0:00 
Brian Ferlin             2  0  2   2  2   3  4  1  0  0  0/2    15:52   1:12   0:00 
Carl Klingberg           1  0  1   1  0   3  1  0  0  1  0/0    14:15   0:00   2:07 
Cedric Paquette          0  0  0   0  0   2  0  0  0  0  1/4     9:33   0:00   1:26 
Chris Terry              0  0  0   0  0   1  0  0  1  0  0/0     8:01   0:00   0:13 
Cody McLeod              1  1  2  -4  2   2  3  1  1  0  1/1    24:11   1:45   3:18 
Connor Murphy            0  1  1  -1  0   1  1  2  0  3  0/0    30:06   1:52   4:41 
Dennis Persson           0  0  0   2  0   0  0  0  0  0  0/0    12:55   0:00   0:09 
Dylan McIlrath           0  0  0  -2  0   0  1  1  0  1  0/0    21:59   1:05   3:06 
James Marcou             0  0  0   1  0   3  1  0  0  0  0/0    10:57   0:00   0:00 
James Sheppard           1  2  3   2  0   6  0  0  1  0  1/1    19:03   1:12   2:22 
Julian Melchiori         0  0  0  -2  0   2  0  2  0  3  0/0    21:59   1:05   3:06 
Kevin Veilleux           0  1  1   1  0   1  1  0  0  0  4/4    10:57   0:00   0:00 
Matt Gilroy              0  0  0  -1  0   4  1  3  2  2  0/0    30:06   1:52   4:41 
Mike Zigomanis           0  1  1  -4  0   1  1  0  1  1  17/41  24:58   1:45   4:27 
Milan Bartovic           0  0  0  -4  2   1  1  0  1  0  0/1    20:22   1:45   0:00 
Nathan Davis             0  3  3   2  2   1  1  0  1  0  7/15   16:03   1:12   0:00 
Slater Koekkoek          0  0  0   2  0   1  0  2  0  1  0/0    12:55   0:00   0:09 

Players Stats for Ice Dragons

Player Name              G  A  P  +/- PIM S  H  SB GA TA FO     MP     PP MP  PK MP  
------------------------------------------------------------------------------------
Alec Martinez            0  2  2   2  0   2  1  3  3  2  0/0    29:20   3:44   1:17 
Brandon Kozun            3  2  5   4  0   7  0  1  1  0  2/2    20:19   2:55   0:00 
Brayden McNabb           0  0  0   0  0   0  1  0  1  1  0/0    22:45   2:13   1:40 
Brian Boyle              1  2  3   4  0   3  0  0  0  1  23/39  28:04   2:49   1:59 
Chris Wagner             0  0  0  -2  0   1  0  0  0  0  0/0    11:38   0:00   0:00 
David Rundblad           0  1  1   0  0   2  0  1  0  1  0/0    22:45   2:13   1:40 
Dmitri Orlov             0  0  0   0  0   0  0  0  0  0  0/0     3:07   0:00   0:02 
Justin Shugg             0  0  0  -1  2   0  0  0  0  0  0/0    17:51   2:43   0:00 
Kevin Connauton          0  1  1  -1  0   0  0  1  1  0  0/0    13:40   0:00   0:45 
Logan MacMillan          1  0  1   4  0   3  0  1  0  0  1/2    22:55   2:58   0:27 
Luke Adam                0  0  0  -1  0   3  2  1  1  0  8/14   22:24   2:43   2:14 
Matt Corrente            0  0  0   2  2   4  2  2  3  0  0/0    25:54   3:44   0:30 
Michael Chaput           0  1  1  -2  0   0  1  0  2  1  1/7    13:37   0:00   0:17 
Michael Ferland          0  0  0  -1  0   3  1  1  0  1  1/2    19:13   2:43   0:44 
Michael Stone            0  0  0  -1  0   0  1  2  0  1  0/0    12:55   0:00   0:00 
Sam Carrick              0  0  0   0  0   0  0  2  0  0  1/2     8:25   0:25   0:00 
Theodor Blueger          0  0  0  -2  0   1  0  1  0  0  1/1    15:32   0:26   0:13 
Thomas Gobeil            0  0  0   0  0   0  0  1  0  0  0/0     6:37   0:09   0:00 

3 Stars

1 - Brandon Kozun (Kin)
2 - Brian Boyle (Kin)
3 - Brian Ferlin (Stf)

Power Play

Rafales - 1 on 2 Attempt(s) - 50.00%
Ice Dragons - 0 on 4 Attempt(s) - 0.00%

Penalty Kill

Rafales - 4 on 4 Attempt(s) - 100.00% - Score 0 goal in Penalty Kill
Ice Dragons - 1 on 2 Attempt(s) - 50.00% - Score 0 goal in Penalty Kill

Team Stat

Rafales - Hits : 18 - Faceoff Wins : 31 - Blocked Shots : 12 - Penalty Minutes : 8
Ice Dragons - Hits : 9 - Faceoff Wins : 38 - Blocked Shots : 17 - Penalty Minutes : 4

Official

Referees : Unknown
Linesman : Unknown

Game Notes

Brandon Kozun has scored a Hat Trick!

Finance

Level 1 -- Attendance: 1528 (76.40%) -- Ticket Income $61,120
Level 2 -- Attendance: 776 (77.60%) -- Ticket Income $15,520
Total Attendance: 2304 (76.80%)
Total Ticket Income: $76,640
Other Income: $3,832
Total Income: $80,472

Rafales

5 vs 5 Forward 
   Center                   Left Wing                Right Wing               Time % Phy DF OF 
 1 Mike Zigomanis           Cody McLeod              Milan Bartovic           40     0   1  4  
 2 Nathan Davis             James Sheppard           Brian Ferlin             30     0   1  4  
 3 Kevin Veilleux           Carl Klingberg           James Marcou             20     1   1  3  
 4 Cedric Paquette          Chris Terry              Akim Aliu                10     2   1  2  

5 vs 5 Defense 
   Defense                  Defense                                           Time % Phy DF OF 
 1 Matt Gilroy              Connor Murphy                                     40     1   3  1  
 2 Julian Melchiori         Dylan McIlrath                                    30     1   3  1  
 3 Slater Koekkoek          Dennis Persson                                    20     1   3  1  
 4 Matt Gilroy              Connor Murphy                                     10     1   3  1  

PowerPlay Forward 
   Center                   Left Wing                Right Wing               Time % Phy DF OF 
 1 Mike Zigomanis           Cody McLeod              Milan Bartovic           60     0   0  5  
 2 Nathan Davis             James Sheppard           Brian Ferlin             40     0   0  5  

PowerPlay Defense
   Defense                  Defense                                           Time % Phy DF OF 
 1 Matt Gilroy              Connor Murphy                                     60     0   2  3  
 2 Julian Melchiori         Dylan McIlrath                                    40     0   2  3  

Penalty Kill 4 Players Forward 
   Center                   Wing                     Time % Phy DF OF 
 1 Mike Zigomanis           Cody McLeod              60     1   3  1  
 2 James Sheppard           Carl Klingberg           40     1   3  1  

Penalty Kill 4 Players Defense
   Defense                  Defense                  Time % Phy DF OF 
 1 Matt Gilroy              Connor Murphy            60     2   3  0  
 2 Julian Melchiori         Dylan McIlrath           40     2   3  0  

Penalty Kill - 3 Players Forward 
   Forward                                           Time % Phy DF OF 
 1 Mike Zigomanis                                    60     0   5  0  
 2 Cody McLeod                                       40     0   5  0  

Penalty Kill - 3 Players Defense
   Defense                  Defense                  Time % Phy DF OF 
 1 Matt Gilroy              Connor Murphy            60     1   4  0  
 2 Julian Melchiori         Dylan McIlrath           40     1   4  0  

4 vs 4 Forward 
   Center                   Wing                     Time % Phy DF OF 
 1 Mike Zigomanis           Cody McLeod              60     1   1  3  
 2 James Sheppard           Carl Klingberg           40     1   1  3  

4 vs 4 Defense
   Defense                  Defense                  Time % Phy DF OF 
 1 Matt Gilroy              Connor Murphy            60     1   3  1  
 2 Julian Melchiori         Dylan McIlrath           40     1   3  1  

Last Minutes Offensive
   Center                   Left Wing                Right Wing               Defense                  Defense                  
   Mike Zigomanis           Cody McLeod              Milan Bartovic           Matt Gilroy              Connor Murphy            

Last Minutes Defensive
   Center                   Left Wing                Right Wing               Defense                  Defense                  
   Mike Zigomanis           Cody McLeod              Milan Bartovic           Matt Gilroy              Connor Murphy            

Goaltenders
Starting : Leland Irving            
Backup : Sean Maguire             

Extra Forwards
Normal : Mike Zigomanis, Cody McLeod, Milan Bartovic - PP : Mike Zigomanis, Cody McLeod - PK : James Sheppard
Extra Defensemen
Normal : Connor Murphy, Matt Gilroy, Julian Melchiori - PP : Connor Murphy - PK : Matt Gilroy, Julian Melchiori
Penalty Shots
Mike Zigomanis, Cody McLeod, James Sheppard, Carl Klingberg, Nathan Davis

Scratches
Ben Sexton (Healthy), Ryan Bourque (Healthy), Ben Johnson (Healthy), Jayson Megna (Healthy), Brad Ross (Healthy)
Michael Ryder (Strained Groin Injury), Ben Thomson (Healthy), Tyrell Goulbourne (Healthy), David Broll (Healthy), Joey Laleggia (Healthy)
Stefan Chaput (Healthy), Maksim Mayorov (Healthy), Chris Driedger (Healthy)

Ice Dragons

5 vs 5 Forward 
   Center                   Left Wing                Right Wing               Time % Phy DF OF 
 1 Brian Boyle              Logan MacMillan          Brandon Kozun            40     1   2  2  
 2 Luke Adam                Michael Ferland          Justin Shugg             30     1   2  2  
 3 Michael Chaput           Theodor Blueger          Chris Wagner             20     1   2  2  
 4 Sam Carrick              Brian Boyle              Thomas Gobeil            10     1   2  2  

5 vs 5 Defense 
   Defense                  Defense                                           Time % Phy DF OF 
 1 Alec Martinez            Matt Corrente                                     40     1   2  2  
 2 David Rundblad           Brayden McNabb                                    30     1   2  2  
 3 Michael Stone            Kevin Connauton                                   20     1   2  2  
 4 Dmitri Orlov             Alec Martinez                                     10     1   2  2  

PowerPlay Forward 
   Center                   Left Wing                Right Wing               Time % Phy DF OF 
 1 Brian Boyle              Logan MacMillan          Brandon Kozun            60     1   2  2  
 2 Luke Adam                Michael Ferland          Justin Shugg             40     1   2  2  

PowerPlay Defense
   Defense                  Defense                                           Time % Phy DF OF 
 1 Alec Martinez            Matt Corrente                                     60     1   2  2  
 2 David Rundblad           Brayden McNabb                                    40     1   2  2  

Penalty Kill 4 Players Forward 
   Center                   Wing                     Time % Phy DF OF 
 1 Brian Boyle              Luke Adam                60     1   2  2  
 2 Michael Chaput           Logan MacMillan          40     1   2  2  

Penalty Kill 4 Players Defense
   Defense                  Defense                  Time % Phy DF OF 
 1 Alec Martinez            Matt Corrente            60     1   2  2  
 2 David Rundblad           Brayden McNabb           40     1   2  2  

Penalty Kill - 3 Players Forward 
   Forward                                           Time % Phy DF OF 
 1 Brian Boyle                                       60     1   2  2  
 2 Luke Adam                                         40     1   2  2  

Penalty Kill - 3 Players Defense
   Defense                  Defense                  Time % Phy DF OF 
 1 Alec Martinez            Matt Corrente            60     1   2  2  
 2 David Rundblad           Brayden McNabb           40     1   2  2  

4 vs 4 Forward 
   Center                   Wing                     Time % Phy DF OF 
 1 Brian Boyle              Luke Adam                60     1   2  2  
 2 Michael Chaput           Logan MacMillan          40     1   2  2  

4 vs 4 Defense
   Defense                  Defense                  Time % Phy DF OF 
 1 Alec Martinez            Matt Corrente            60     1   2  2  
 2 David Rundblad           Brayden McNabb           40     1   2  2  

Last Minutes Offensive
   Center                   Left Wing                Right Wing               Defense                  Defense                  
   Brian Boyle              Logan MacMillan          Brandon Kozun            Alec Martinez            Matt Corrente            

Last Minutes Defensive
   Center                   Left Wing                Right Wing               Defense                  Defense                  
   Brian Boyle              Logan MacMillan          Brandon Kozun            Alec Martinez            Matt Corrente            

Goaltenders
Starting : Anders Nilsson           
Backup : Harru Sateri             

Extra Forwards
Normal : Theodor Blueger, Sam Carrick, Michael Ferland - PP : Theodor Blueger, Sam Carrick - PK : Michael Ferland
Extra Defensemen
Normal : Michael Stone, Kevin Connauton, Dmitri Orlov - PP : Michael Stone - PK : Kevin Connauton, Dmitri Orlov
Penalty Shots
Brian Boyle, Luke Adam, Michael Chaput, Logan MacMillan, Brandon Kozun

Scratches
Alex Henriksson (Healthy), Emil Pettersson (Healthy), Cole Ully (Healthy), William Carrier (Bruised Right Shoulder Injury), Christian Djoos (Healthy)
Alex Plante (Healthy), Samuel Groulx (Healthy), Oscar Dansk (Healthy)

% Time on Ice - Rafales

Lines # - Real PCT - Wanted PCT - Time Play
Normal Forward
1 - 34% - 40% - 17:29
2 - 29% - 30% - 14:52
3 - 21% - 20% - 10:57
4 - 15% - 10% - 7:48
Normal Defense
1 - 38% - 40% - 19:22
2 - 34% - 30% - 17:13
3 - 24% - 20% - 12:09
4 - 5% - 10% - 2:22
PP Forward
1 - 59% - 60% - 1:45
2 - 41% - 40% - 1:12
PP Defense
1 - 63% - 60% - 1:52
2 - 37% - 40% - 1:05
PK Forward
1 - 85% - 60% - 5:04
2 - 15% - 40% - 0:53
PK Defense
1 - 60% - 60% - 3:35
2 - 40% - 40% - 2:22
PK3 Forward
1 - 68% - 60% - 1:21
2 - 32% - 40% - 0:38
PK3 Defense
1 - 55% - 60% - 1:06
2 - 45% - 40% - 0:53
44 Forward
1 - 73% - 60% - 2:12
2 - 27% - 40% - 0:49
44 Defense
1 - 60% - 60% - 1:49
2 - 40% - 40% - 1:12
Last Minute Offensive  - 0:00
Last Minute Defensive  - 0:00
Total
Forward - 65:00
Defense - 65:00

% Time on Ice - Ice Dragons

Lines # - Real PCT - Wanted PCT - Time Play
Normal Forward
1 - 35% - 40% - 17:51
2 - 31% - 30% - 16:03
3 - 23% - 20% - 11:38
4 - 11% - 10% - 5:34
Normal Defense
1 - 38% - 40% - 19:17
2 - 32% - 30% - 16:33
3 - 25% - 20% - 12:55
4 - 5% - 10% - 2:21
PP Forward
1 - 54% - 60% - 3:14
2 - 46% - 40% - 2:43
PP Defense
1 - 63% - 60% - 3:44
2 - 37% - 40% - 2:13
PK Forward
1 - 90% - 60% - 2:40
2 - 10% - 40% - 0:17
PK Defense
1 - 44% - 60% - 1:17
2 - 56% - 40% - 1:40
PK3 Forward
1 - 0% - 60%
2 - 0% - 40%
PK3 Defense
1 - 0% - 60%
2 - 0% - 40%
44 Forward
1 - 75% - 60% - 3:46
2 - 25% - 40% - 1:14
44 Defense
1 - 54% - 60% - 2:41
2 - 46% - 40% - 2:19
Last Minute Offensive  - 0:00
Last Minute Defensive  - 0:00
Total
Forward - 65:00
Defense - 65:00

Play-by-Play

1st period


0:01 of 1st period - Brian Boyle wins face-off versus Mike Zigomanis in neutral zone.
0:08 of 1st period - Snap shot by Brandon Kozun.
0:08 of 1st period - Stopped by Leland Irving without a rebound.
0:09 of 1st period - Brian Boyle wins face-off versus Mike Zigomanis in Rafales zone.
0:10 of 1st period - Snap shot by Matt Corrente.
0:10 of 1st period - Stopped by Leland Irving without a rebound.
0:11 of 1st period - Nathan Davis wins face-off versus Luke Adam in Rafales zone.
0:18 of 1st period - Snap shot by Luke Adam.
0:18 of 1st period - Stopped by Leland Irving without a rebound.
0:19 of 1st period - Luke Adam wins face-off versus Nathan Davis in Rafales zone.
0:40 of 1st period - Wrist shot by Luke Adam.
0:40 of 1st period - Stopped by Leland Irving with a rebound.
0:48 of 1st period - Slapshot by James Sheppard.
0:48 of 1st period - Stopped by Anders Nilsson without a rebound.
0:49 of 1st period - Kevin Veilleux wins face-off versus Michael Chaput in Ice Dragons zone.
0:54 of 1st period - Wrist shot by Carl Klingberg.
0:54 of 1st period - Stopped by Anders Nilsson with a rebound.
1:16 of 1st period - Brian Boyle is hit by Cody McLeod and loses puck.
1:35 of 1st period - Wrist shot by Luke Adam.
1:35 of 1st period - Deflect By Michael Ferland.
1:35 of 1st period - Stopped by Leland Irving without a rebound.
1:36 of 1st period - Luke Adam wins face-off versus Cedric Paquette in Rafales zone.
2:03 of 1st period - Snap shot by Akim Aliu.
2:03 of 1st period - Shot Blocked by Matt Corrente.
2:07 of 1st period - Snap shot by Chris Terry.
2:07 of 1st period - Deflect By Cedric Paquette.
2:07 of 1st period - Stopped by Anders Nilsson with a rebound.
2:09 of 1st period - Slapshot by Julian Melchiori.
2:09 of 1st period - Deflect By Luke Adam.
2:09 of 1st period - Stopped by Anders Nilsson with a rebound.
2:11 of 1st period - Slapshot by Julian Melchiori.
2:11 of 1st period - Deflect By Alec Martinez.
2:11 of 1st period - Stopped by Anders Nilsson with a rebound.
2:53 of 1st period - Snap shot by Chris Terry.
2:53 of 1st period - Stopped by Anders Nilsson with a rebound.
2:57 of 1st period - Snap shot by Chris Terry.
2:57 of 1st period - Shot Misses the Net.
2:59 of 1st period - Snap shot by Connor Murphy.
2:59 of 1st period - Stopped by Anders Nilsson without a rebound.
3:00 of 1st period - Brian Boyle wins face-off versus Mike Zigomanis in Ice Dragons zone.
3:07 of 1st period - Wrist shot by Brian Boyle.
3:07 of 1st period - Deflect By Logan MacMillan.
3:07 of 1st period - Shot Misses the Net.
3:07 of 1st period - Puck is out of play.
3:08 of 1st period - Brian Boyle wins face-off versus Mike Zigomanis in Rafales zone.
3:35 of 1st period - Snap shot by Connor Murphy.
3:35 of 1st period - Shot Misses the Net.
3:37 of 1st period - Slapshot by Matt Gilroy.
3:37 of 1st period - Stopped by Anders Nilsson with a rebound.
4:13 of 1st period - Snap shot by Michael Chaput.
4:13 of 1st period - Shot Blocked by Julian Melchiori.
6:58 of 1st period - Justin Shugg is hit by Akim Aliu and loses puck.
7:39 of 1st period - Snap shot by Brian Ferlin.
7:39 of 1st period - Stopped by Anders Nilsson without a rebound.
7:40 of 1st period - Kevin Veilleux wins face-off versus Sam Carrick in Ice Dragons zone.
8:21 of 1st period - Icing by Justin Shugg.
8:22 of 1st period - Nathan Davis wins face-off versus Luke Adam in Ice Dragons zone.
8:29 of 1st period - Snap shot by James Sheppard.
8:29 of 1st period - Shot Misses the Net.
9:13 of 1st period - Off-side.
9:14 of 1st period - Sam Carrick wins face-off versus Nathan Davis in neutral zone.
9:33 of 1st period - Brayden McNabb is hit by Dylan McIlrath and loses puck.
10:11 of 1st period - Wrist shot by Kevin Veilleux.
10:11 of 1st period - Deflect By Carl Klingberg.
10:11 of 1st period - Goal by Carl Klingberg - Rafales : 1 - Ice Dragons : 0.
10:12 of 1st period - Brian Boyle wins face-off versus Mike Zigomanis in neutral zone.
10:17 of 1st period - Slapshot by Logan MacMillan.
10:17 of 1st period - Shot Blocked by Connor Murphy.
10:19 of 1st period - Snap shot by Brandon Kozun.
10:19 of 1st period - Shot Misses the Net.
10:21 of 1st period - Slapshot by Alec Martinez.
10:21 of 1st period - Deflect By Matt Gilroy.
10:21 of 1st period - Stopped by Leland Irving without a rebound.
10:22 of 1st period - Mike Zigomanis wins face-off versus Brian Boyle in Rafales zone.
10:41 of 1st period - Wrist shot by Logan MacMillan.
10:41 of 1st period - Goal by Logan MacMillan - Rafales : 1 - Ice Dragons : 1.
10:42 of 1st period - Mike Zigomanis wins face-off versus Brian Boyle in neutral zone.
10:55 of 1st period - Wrist shot by Brian Boyle.
10:55 of 1st period - Shot Misses the Net.
10:57 of 1st period - Wrist shot by Brian Boyle.
10:57 of 1st period - Shot Misses the Net.
11:09 of 1st period - Alec Martinez is hit by Brian Ferlin.
11:17 of 1st period - Backhand shot by Nathan Davis.
11:17 of 1st period - Shot Blocked by Alec Martinez.
11:36 of 1st period - Chris Wagner is hit by Kevin Veilleux.
12:50 of 1st period - Slapshot by James Sheppard.
12:50 of 1st period - Stopped by Anders Nilsson with a rebound.
12:52 of 1st period - Slapshot by Matt Gilroy.
12:52 of 1st period - Shot Blocked by Theodor Blueger.
12:54 of 1st period - Wrist shot by James Sheppard.
12:54 of 1st period - Shot Blocked by Kevin Connauton.
12:56 of 1st period - Slapshot by Matt Gilroy.
12:56 of 1st period - Stopped by Anders Nilsson without a rebound.
12:57 of 1st period - Brian Boyle wins face-off versus Brian Ferlin in Ice Dragons zone.
13:41 of 1st period - Minor Penalty to Nathan Davis for Roughing.
13:42 of 1st period - Mike Zigomanis wins face-off versus Brian Boyle in Rafales zone.
13:50 of 1st period - Mike Zigomanis is hit by Matt Corrente and loses puck.
14:13 of 1st period - Wrist shot by Luke Adam.
14:13 of 1st period - Stopped by Leland Irving with a rebound.
15:09 of 1st period - Matt Gilroy is hit by Matt Corrente and loses puck.
15:41 of 1st period - Penalty to Nathan Davis is over, Nathan Davis is back on ice.
17:03 of 1st period - Brayden McNabb is hit by Brian Ferlin and loses puck.
17:24 of 1st period - Brian Boyle is hit by James Marcou and loses puck.
18:13 of 1st period - David Rundblad is hit by Carl Klingberg and loses puck.
18:28 of 1st period - Brian Boyle is hit by Nathan Davis and loses puck.
18:39 of 1st period - Snap shot by Brian Boyle.
18:39 of 1st period - Shot Blocked by Cody McLeod.
18:47 of 1st period - Michael Chaput is hit by Mike Zigomanis and loses puck.
19:27 of 1st period - Michael Ferland is hit by Brian Ferlin and loses puck.
19:34 of 1st period - Nathan Davis is hit by Michael Ferland and loses puck.
19:57 of 1st period - Snap shot by Carl Klingberg.
19:57 of 1st period - Shot Blocked by Sam Carrick.
Goals for this period are 1 for Rafales vs 1 for Ice Dragons.
Shots for this period are 12 for Rafales vs 8 for Ice Dragons.

2nd period


0:01 of 2nd period - Mike Zigomanis wins face-off versus Brian Boyle in neutral zone.
0:27 of 2nd period - Brian Ferlin is hit by Alec Martinez and loses puck.
1:11 of 2nd period - Slapshot by Logan MacMillan.
1:11 of 2nd period - Stopped by Leland Irving without a rebound.
1:12 of 2nd period - Brian Boyle wins face-off versus Cedric Paquette in Rafales zone.
1:21 of 2nd period - Snap shot by Brandon Kozun.
1:21 of 2nd period - Stopped by Leland Irving without a rebound.
1:22 of 2nd period - Mike Zigomanis wins face-off versus Brian Boyle in Rafales zone.
1:51 of 2nd period - Wrist shot by Brian Boyle.
1:51 of 2nd period - Deflect By Matt Gilroy.
1:51 of 2nd period - Shot Blocked by Brian Ferlin.
1:51 of 2nd period - Puck is out of play.
1:52 of 2nd period - Luke Adam wins face-off versus Nathan Davis in Rafales zone.
2:53 of 2nd period - Carl Klingberg is hit by Brayden McNabb.
3:10 of 2nd period - Minor Penalty to Justin Shugg for Hooking.
3:11 of 2nd period - Brian Boyle wins face-off versus Mike Zigomanis in Ice Dragons zone.
3:27 of 2nd period - Wrist shot by Brian Boyle.
3:27 of 2nd period - Shot Misses the Net.
3:40 of 2nd period - Off-side.
3:41 of 2nd period - Brian Boyle wins face-off versus Brian Ferlin in neutral zone.
4:08 of 2nd period - Snap shot by Brian Ferlin.
4:08 of 2nd period - Goal by Brian Ferlin - Rafales : 2 - Ice Dragons : 1.
4:09 of 2nd period - Mike Zigomanis wins face-off versus Michael Chaput in neutral zone.
4:43 of 2nd period - Snap shot by Nathan Davis.
4:43 of 2nd period - Deflect By Brian Ferlin.
4:43 of 2nd period - Shot Misses the Net.
4:43 of 2nd period - Puck is out of play.
4:44 of 2nd period - Luke Adam wins face-off versus Mike Zigomanis in Ice Dragons zone.
5:09 of 2nd period - Wrist shot by Carl Klingberg.
5:09 of 2nd period - Shot Misses the Net.
5:11 of 2nd period - Snap shot by James Marcou.
5:11 of 2nd period - Shot Blocked by Michael Stone.
5:13 of 2nd period - Slapshot by Dennis Persson.
5:13 of 2nd period - Shot Blocked by Luke Adam.
5:15 of 2nd period - Slapshot by Kevin Veilleux.
5:15 of 2nd period - Shot Blocked by Michael Stone.
5:17 of 2nd period - Slapshot by Dennis Persson.
5:17 of 2nd period - Shot Misses the Net.
6:33 of 2nd period - Snap shot by Michael Ferland.
6:33 of 2nd period - Stopped by Leland Irving with a rebound.
6:35 of 2nd period - Slapshot by Michael Stone.
6:35 of 2nd period - Shot Misses the Net.
6:43 of 2nd period - Wrist shot by Michael Ferland.
6:43 of 2nd period - Stopped by Leland Irving without a rebound.
6:44 of 2nd period - Mike Zigomanis wins face-off versus Brian Boyle in Rafales zone.
6:55 of 2nd period - Wrist shot by Cody McLeod.
6:55 of 2nd period - Shot Blocked by Matt Corrente.
6:57 of 2nd period - Wrist shot by Cody McLeod.
6:57 of 2nd period - Shot Misses the Net.
6:59 of 2nd period - Slapshot by Matt Gilroy.
6:59 of 2nd period - Stopped by Anders Nilsson without a rebound.
7:00 of 2nd period - Nathan Davis wins face-off versus Brian Boyle in Ice Dragons zone.
7:01 of 2nd period - Snap shot by Brian Ferlin.
7:01 of 2nd period - Shot Misses the Net.
7:09 of 2nd period - Slapshot by Brian Boyle.
7:09 of 2nd period - Shot Misses the Net.
7:11 of 2nd period - Snap shot by Brian Boyle.
7:11 of 2nd period - Shot Blocked by Matt Gilroy.
7:13 of 2nd period - Snap shot by Brian Boyle.
7:13 of 2nd period - Stopped by Leland Irving with a rebound.
7:32 of 2nd period - Slapshot by Matt Corrente.
7:32 of 2nd period - Stopped by Leland Irving without a rebound.
7:33 of 2nd period - Mike Zigomanis wins face-off versus Brian Boyle in Rafales zone.
7:42 of 2nd period - Wrist shot by Milan Bartovic.
7:42 of 2nd period - Shot Hit the Post.
7:48 of 2nd period - Slapshot by Brandon Kozun.
7:48 of 2nd period - Goal by Brandon Kozun - Rafales : 2 - Ice Dragons : 2.
7:49 of 2nd period - Brian Boyle wins face-off versus Mike Zigomanis in neutral zone.
8:24 of 2nd period - Off-side.
8:25 of 2nd period - Michael Ferland wins face-off versus Mike Zigomanis in neutral zone.
9:23 of 2nd period - Slapshot by James Marcou.
9:23 of 2nd period - Stopped by Anders Nilsson with a rebound.
9:25 of 2nd period - Snap shot by Kevin Veilleux.
9:25 of 2nd period - Stopped by Anders Nilsson with a rebound.
9:27 of 2nd period - Wrist shot by Carl Klingberg.
9:27 of 2nd period - Stopped by Anders Nilsson with a rebound.
9:39 of 2nd period - Snap shot by Luke Adam.
9:39 of 2nd period - Shot Misses the Net.
9:41 of 2nd period - Slapshot by David Rundblad.
9:41 of 2nd period - Stopped by Leland Irving without a rebound.
9:42 of 2nd period - Luke Adam wins face-off versus Mike Zigomanis in Rafales zone.
9:47 of 2nd period - Wrist shot by Luke Adam.
9:47 of 2nd period - Deflect By Michael Ferland.
9:47 of 2nd period - Shot Blocked by Slater Koekkoek.
9:47 of 2nd period - Puck is out of play.
9:48 of 2nd period - Mike Zigomanis wins face-off versus Brian Boyle in Rafales zone.
9:55 of 2nd period - Snap shot by Cody McLeod.
9:55 of 2nd period - Shot Blocked by Alec Martinez.
10:03 of 2nd period - Snap shot by Logan MacMillan.
10:03 of 2nd period - Shot Misses the Net.
10:15 of 2nd period - Snap shot by Michael Chaput.
10:15 of 2nd period - Shot Blocked by Slater Koekkoek.
10:17 of 2nd period - Wrist shot by Chris Wagner.
10:17 of 2nd period - Stopped by Leland Irving without a rebound.
10:18 of 2nd period - Michael Chaput wins face-off versus Nathan Davis in Rafales zone.
10:29 of 2nd period - Wrist shot by James Sheppard.
10:29 of 2nd period - Stopped by Anders Nilsson with a rebound.
10:51 of 2nd period - Backhand shot by Cedric Paquette.
10:51 of 2nd period - Stopped by Anders Nilsson with a rebound.
11:14 of 2nd period - Wrist shot by Brandon Kozun.
11:14 of 2nd period - Goal by Brandon Kozun - Rafales : 2 - Ice Dragons : 3.
11:15 of 2nd period - Brian Boyle wins face-off versus Mike Zigomanis in neutral zone.
11:28 of 2nd period - Wrist shot by Brandon Kozun.
11:28 of 2nd period - Stopped by Leland Irving with a rebound.
11:30 of 2nd period - Snap shot by Brandon Kozun.
11:30 of 2nd period - Goal by Brandon Kozun - Rafales : 2 - Ice Dragons : 4.
11:31 of 2nd period - Brian Boyle wins face-off versus Mike Zigomanis in neutral zone.
11:33 of 2nd period - Off-side.
11:34 of 2nd period - Brian Boyle wins face-off versus Mike Zigomanis in neutral zone.
11:54 of 2nd period - Alec Martinez is hit by Cody McLeod and loses puck.
12:03 of 2nd period - Snap shot by Milan Bartovic.
12:03 of 2nd period - Shot Blocked by Alec Martinez.
12:24 of 2nd period - Wrist shot by Brandon Kozun.
12:24 of 2nd period - Shot Misses the Net.
12:32 of 2nd period - Slapshot by Brian Boyle.
12:32 of 2nd period - Goal by Brian Boyle - Rafales : 2 - Ice Dragons : 5.
12:33 of 2nd period - Nathan Davis wins face-off versus Luke Adam in neutral zone.
12:46 of 2nd period - Snap shot by Nathan Davis.
12:46 of 2nd period - Shot Blocked by Michael Ferland.
12:48 of 2nd period - Snap shot by James Sheppard.
12:48 of 2nd period - Stopped by Anders Nilsson without a rebound.
12:49 of 2nd period - Kevin Veilleux wins face-off versus Michael Chaput in Ice Dragons zone.
12:59 of 2nd period - Backhand shot by Matt Corrente.
12:59 of 2nd period - Deflect By James Marcou.
12:59 of 2nd period - Stopped by Leland Irving with a rebound.
16:07 of 2nd period - Theodor Blueger is hit by Milan Bartovic.
16:23 of 2nd period - Wrist shot by James Sheppard.
16:23 of 2nd period - Deflect By Nathan Davis.
16:23 of 2nd period - Stopped by Anders Nilsson without a rebound.
16:24 of 2nd period - Luke Adam wins face-off versus Nathan Davis in Ice Dragons zone.
16:29 of 2nd period - Slapshot by Brayden McNabb.
16:29 of 2nd period - Deflect By Luke Adam.
16:29 of 2nd period - Shot Misses the Net.
16:29 of 2nd period - Puck is out of play.
16:30 of 2nd period - Luke Adam wins face-off versus Mike Zigomanis in Rafales zone.
16:43 of 2nd period - Justin Shugg is hit by Cody McLeod and loses puck.
17:12 of 2nd period - Wrist shot by Luke Adam.
17:12 of 2nd period - Shot Blocked by Julian Melchiori.
17:14 of 2nd period - Snap shot by Luke Adam.
17:14 of 2nd period - Shot Misses the Net.
17:16 of 2nd period - Snap shot by Justin Shugg.
17:16 of 2nd period - Shot Misses the Net.
17:18 of 2nd period - Slapshot by David Rundblad.
17:18 of 2nd period - Shot Misses the Net.
17:20 of 2nd period - Slapshot by Brayden McNabb.
17:20 of 2nd period - Deflect By Luke Adam.
17:20 of 2nd period - Shot Misses the Net.
17:20 of 2nd period - Puck is out of play.
17:21 of 2nd period - Brian Boyle wins face-off versus Mike Zigomanis in Rafales zone.
17:27 of 2nd period - Off-side.
17:28 of 2nd period - Brandon Kozun wins face-off versus Milan Bartovic in neutral zone.
17:33 of 2nd period - Slapshot by Alec Martinez.
17:33 of 2nd period - Shot Blocked by Matt Gilroy.
17:35 of 2nd period - Wrist shot by Brandon Kozun.
17:35 of 2nd period - Shot Blocked by Connor Murphy.
17:39 of 2nd period - Snap shot by Brian Boyle.
17:39 of 2nd period - Shot Misses the Net.
17:41 of 2nd period - Wrist shot by Brandon Kozun.
17:41 of 2nd period - Shot Misses the Net.
17:43 of 2nd period - Slapshot by Alec Martinez.
17:43 of 2nd period - Deflect By Cody McLeod.
17:43 of 2nd period - Stopped by Leland Irving without a rebound.
17:44 of 2nd period - Nathan Davis wins face-off versus Michael Chaput in Rafales zone.
17:57 of 2nd period - Wrist shot by James Sheppard.
17:57 of 2nd period - Shot Misses the Net.
18:30 of 2nd period - Slapshot by Carl Klingberg.
18:30 of 2nd period - Shot Misses the Net.
18:48 of 2nd period - Slapshot by Brayden McNabb.
18:48 of 2nd period - Shot Misses the Net.
18:56 of 2nd period - Snap shot by Akim Aliu.
18:56 of 2nd period - Shot Blocked by Thomas Gobeil.
18:58 of 2nd period - Slapshot by Julian Melchiori.
18:58 of 2nd period - Shot Blocked by Sam Carrick.
19:18 of 2nd period - Brian Ferlin is hit by Michael Chaput and loses puck.
19:39 of 2nd period - Minor Penalty to Milan Bartovic for Tripping.
19:40 of 2nd period - Brian Boyle wins face-off versus Mike Zigomanis in Rafales zone.
19:41 of 2nd period - Snap shot by Brandon Kozun.
19:41 of 2nd period - Stopped by Leland Irving without a rebound.
19:42 of 2nd period - Brandon Kozun wins face-off versus Mike Zigomanis in Rafales zone.
19:54 of 2nd period - Icing by Logan MacMillan.
19:55 of 2nd period - Brian Boyle wins face-off versus Mike Zigomanis in Ice Dragons zone.
Goals for this period are 1 for Rafales vs 4 for Ice Dragons.
Shots for this period are 9 for Rafales vs 16 for Ice Dragons.

3rd period


0:01 of 3rd period - Brian Boyle wins face-off versus Mike Zigomanis in neutral zone.
0:14 of 3rd period - Wrist shot by Logan MacMillan.
0:14 of 3rd period - Stopped by Leland Irving with a rebound.
1:23 of 3rd period - Icing by David Rundblad.
1:24 of 3rd period - Cedric Paquette wins face-off versus Brian Boyle in Ice Dragons zone.
1:39 of 3rd period - Penalty to Milan Bartovic is over, Milan Bartovic is back on ice.
1:57 of 3rd period - Slapshot by Nathan Davis.
1:57 of 3rd period - Deflect By James Sheppard.
1:57 of 3rd period - Goal by James Sheppard - Rafales : 3 - Ice Dragons : 5.
1:58 of 3rd period - Nathan Davis wins face-off versus Brian Boyle in neutral zone.
2:12 of 3rd period - Matt Corrente is hit by Connor Murphy and loses puck.
2:36 of 3rd period - Wrist shot by Cody McLeod.
2:36 of 3rd period - Deflect By Luke Adam.
2:36 of 3rd period - Shot Misses the Net.
2:36 of 3rd period - Puck is out of play.
2:37 of 3rd period - Kevin Veilleux wins face-off versus Brian Boyle in Ice Dragons zone.
2:44 of 3rd period - Slapshot by James Marcou.
2:44 of 3rd period - Stopped by Anders Nilsson with a rebound.
3:02 of 3rd period - Brandon Kozun is hit by Brian Ferlin and loses puck.
3:13 of 3rd period - Wrist shot by Brian Boyle.
3:13 of 3rd period - Shot Blocked by Dylan McIlrath.
4:22 of 3rd period - Minor Penalty to Brian Ferlin for Hooking.
4:23 of 3rd period - Luke Adam wins face-off versus Mike Zigomanis in Rafales zone.
4:28 of 3rd period - Slapshot by Matt Corrente.
4:28 of 3rd period - Shot Misses the Net.
4:30 of 3rd period - Slapshot by Matt Corrente.
4:30 of 3rd period - Shot Blocked by Matt Gilroy.
6:22 of 3rd period - Penalty to Brian Ferlin is over, Brian Ferlin is back on ice.
8:16 of 3rd period - Sam Carrick is hit by Akim Aliu and loses puck.
8:41 of 3rd period - Snap shot by James Sheppard.
8:41 of 3rd period - Deflect By Brayden McNabb.
8:41 of 3rd period - Stopped by Anders Nilsson without a rebound.
8:42 of 3rd period - Logan MacMillan wins face-off versus Nathan Davis in Ice Dragons zone.
9:06 of 3rd period - James Sheppard is hit by Luke Adam and loses puck.
10:39 of 3rd period - Snap shot by Cody McLeod.
10:39 of 3rd period - Goal by Cody McLeod - Rafales : 4 - Ice Dragons : 5.
10:40 of 3rd period - Mike Zigomanis wins face-off versus Luke Adam in neutral zone.
11:48 of 3rd period - Slapshot by David Rundblad.
11:48 of 3rd period - Shot Misses the Net.
11:55 of 3rd period - Off-side.
11:56 of 3rd period - Mike Zigomanis wins face-off versus Luke Adam in neutral zone.
12:07 of 3rd period - Wrist shot by Cody McLeod.
12:07 of 3rd period - Stopped by Anders Nilsson without a rebound.
12:08 of 3rd period - Mike Zigomanis wins face-off versus Brian Boyle in Ice Dragons zone.
12:15 of 3rd period - Wrist shot by Mike Zigomanis.
12:15 of 3rd period - Shot Misses the Net.
12:17 of 3rd period - Snap shot by Matt Gilroy.
12:17 of 3rd period - Stopped by Anders Nilsson without a rebound.
12:18 of 3rd period - Mike Zigomanis wins face-off versus Logan MacMillan in Ice Dragons zone.
12:29 of 3rd period - Snap shot by Mike Zigomanis.
12:29 of 3rd period - Shot Blocked by Logan MacMillan.
12:31 of 3rd period - Wrist shot by Mike Zigomanis.
12:31 of 3rd period - Stopped by Anders Nilsson without a rebound.
12:32 of 3rd period - Brian Boyle wins face-off versus Mike Zigomanis in Ice Dragons zone.
13:26 of 3rd period - Slapshot by David Rundblad.
13:26 of 3rd period - Stopped by Leland Irving without a rebound.
13:27 of 3rd period - Mike Zigomanis wins face-off versus Michael Ferland in Rafales zone.
13:27 of 3rd period - Mike Zigomanis is hit by Luke Adam.
13:55 of 3rd period - Off-side.
13:56 of 3rd period - Nathan Davis wins face-off versus Michael Chaput in neutral zone.
14:03 of 3rd period - Wrist shot by Nathan Davis.
14:03 of 3rd period - Shot Misses the Net.
14:05 of 3rd period - Slapshot by Brian Ferlin.
14:05 of 3rd period - Goal by Brian Ferlin - Rafales : 5 - Ice Dragons : 5.
14:06 of 3rd period - Cody McLeod wins face-off versus Brian Boyle in neutral zone.
14:19 of 3rd period - Slapshot by Logan MacMillan.
14:19 of 3rd period - Shot Misses the Net.
14:43 of 3rd period - Wrist shot by Carl Klingberg.
14:43 of 3rd period - Shot Blocked by Brandon Kozun.
14:54 of 3rd period - Minor Penalty to Matt Corrente for Hooking.
14:55 of 3rd period - Mike Zigomanis wins face-off versus Brian Boyle in Ice Dragons zone.
15:02 of 3rd period - Snap shot by Milan Bartovic.
15:02 of 3rd period - Shot Blocked by David Rundblad.
15:04 of 3rd period - Slapshot by Milan Bartovic.
15:04 of 3rd period - Stopped by Anders Nilsson without a rebound.
15:05 of 3rd period - Brian Boyle wins face-off versus Mike Zigomanis in Ice Dragons zone.
15:30 of 3rd period - Snap shot by Milan Bartovic.
15:30 of 3rd period - Deflect By Cody McLeod.
15:30 of 3rd period - Shot Misses the Net.
15:30 of 3rd period - Puck is out of play.
15:31 of 3rd period - Brian Boyle wins face-off versus Nathan Davis in Ice Dragons zone.
15:42 of 3rd period - Wrist shot by James Sheppard.
15:42 of 3rd period - Shot Misses the Net.
16:54 of 3rd period - Penalty to Matt Corrente is over, Matt Corrente is back on ice.
16:57 of 3rd period - Wrist shot by Luke Adam.
16:57 of 3rd period - Deflect By Theodor Blueger.
16:57 of 3rd period - Stopped by Leland Irving with a rebound.
17:55 of 3rd period - Dennis Persson is hit by Michael Stone and loses puck.
18:21 of 3rd period - Slapshot by Dennis Persson.
18:21 of 3rd period - Shot Misses the Net.
18:23 of 3rd period - Slapshot by Slater Koekkoek.
18:23 of 3rd period - Stopped by Anders Nilsson with a rebound.
18:30 of 3rd period - Icing by Kevin Connauton.
18:31 of 3rd period - Brian Boyle wins face-off versus Nathan Davis in Ice Dragons zone.
18:53 of 3rd period - Snap shot by Kevin Veilleux.
18:53 of 3rd period - Shot Misses the Net.
18:55 of 3rd period - Slapshot by Matt Gilroy.
18:55 of 3rd period - Shot Misses the Net.
18:57 of 3rd period - Snap shot by James Marcou.
18:57 of 3rd period - Stopped by Anders Nilsson with a rebound.
19:38 of 3rd period - Off-side.
19:39 of 3rd period - Theodor Blueger wins face-off versus Mike Zigomanis in neutral zone.
Goals for this period are 3 for Rafales vs 0 for Ice Dragons.
Shots for this period are 11 for Rafales vs 3 for Ice Dragons.

Overtime #1


0:01 of 1st overtime period - Mike Zigomanis wins face-off versus Brian Boyle in neutral zone.
0:04 of 1st overtime period - Slapshot by Cody McLeod.
0:04 of 1st overtime period - Deflect By Mike Zigomanis.
0:04 of 1st overtime period - Shot Misses the Net.
0:04 of 1st overtime period - Puck is out of play.
0:05 of 1st overtime period - Brian Boyle wins face-off versus Mike Zigomanis in Ice Dragons zone.
0:47 of 1st overtime period - Icing by Luke Adam.
0:48 of 1st overtime period - James Sheppard wins face-off versus Michael Chaput in Ice Dragons zone.
1:21 of 1st overtime period - Minor Penalty to Cody McLeod for Holding.
1:22 of 1st overtime period - Mike Zigomanis wins face-off versus Luke Adam in Rafales zone.
1:35 of 1st overtime period - Snap shot by Brian Boyle.
1:35 of 1st overtime period - Stopped by Leland Irving with a rebound.
2:36 of 1st overtime period - Snap shot by Matt Corrente.
2:36 of 1st overtime period - Deflect By Matt Gilroy.
2:36 of 1st overtime period - Stopped by Leland Irving with a rebound.
3:03 of 1st overtime period - Icing by Matt Corrente.
3:04 of 1st overtime period - Brian Boyle wins face-off versus Cedric Paquette in Ice Dragons zone.
3:21 of 1st overtime period - Penalty to Cody McLeod is over, Cody McLeod is back on ice.
3:33 of 1st overtime period - David Rundblad is hit by Matt Gilroy and loses puck.
Goals for this period are 0 for Rafales vs 0 for Ice Dragons.
Shots for this period are 0 for Rafales vs 2 for Ice Dragons.

ShootOut


5:00 of 1st overtime period - Round #1.
5:00 of 1st overtime period - Rafales, Mike Zigomanis.
5:00 of 1st overtime period - Snap shot by Mike Zigomanis.
5:00 of 1st overtime period - Goal by Mike Zigomanis.
5:00 of 1st overtime period - Ice Dragons, Brian Boyle.
5:00 of 1st overtime period - Backhand shot by Brian Boyle.
5:00 of 1st overtime period - Goal by Brian Boyle.
5:00 of 1st overtime period - Round #2.
5:00 of 1st overtime period - Rafales, Cody McLeod.
5:00 of 1st overtime period - Wrist shot by Cody McLeod.
5:00 of 1st overtime period - Stopped by Anders Nilsson.
5:00 of 1st overtime period - Ice Dragons, Luke Adam.
5:00 of 1st overtime period - Deke by Luke Adam.
5:00 of 1st overtime period - Goal by Luke Adam.
5:00 of 1st overtime period - Round #3.
5:00 of 1st overtime period - Rafales, James Sheppard.
5:00 of 1st overtime period - Deke by James Sheppard.
5:00 of 1st overtime period - Stopped by Anders Nilsson.